Map: Coda LE (Void)

Players

Legato - Winner!

  • Race: Protoss Protoss

Javert

  • Race: Zerg Zerg

VOD

Have the link to the VOD?

Description

Time

  • Played on: April 12, 2015, 12:20 a.m.
  • Length: 9:27
Show
View Real Time Build Order
Export as new Build Order

Legato Protoss - Winner!

Build Orders: Oracle Opening 

Get SALT Encoding   

  12  0:09  Pylon  
  12  0:13  Probe  
  13  0:27  Gateway  
  13  0:31  Probe (Chrono Boost)  
  15  0:43  Probe (Chrono Boost)  
  16  0:50  Probe (Chrono Boost)  
  16  0:51  Gateway  
  16  1:00  Probe  
  16  1:01  Assimilator  
  17  1:12  Probe  
  17  1:16  Cybernetics Core  
  18  1:24  Probe  
  19  1:34  Pylon  
  19  1:36  Probe  
  20  1:42  Assimilator  
  20  1:48  Probe  
  20  1:53  Adept x2 (Chrono Boost)  
  25  2:01  Warp Gate (Chrono Boost)  
  25  2:22  Probe  
  26  2:34  Probe  
  27  2:37  Nexus  
  27  2:46  Probe  
  27  2:48  Stargate  
  28  3:11  Adept  
  30  3:36  Pylon  
  30  3:44  Oracle (Chrono Boost)  
  30  3:48  Stargate  
  29  3:54  Gateway  
  29  3:57  Gateway, Adept x2  
  29  4:00  Probe  
  29  4:01  Pylon  
  34  4:15  Probe (Chrono Boost)  
  36  4:21  Probe (Chrono Boost)  
  37  4:25  Probe (Chrono Boost)  
  37  4:26  Adept x2  
  37  4:29  Probe (Chrono Boost)  
  42  4:35  Probe (Chrono Boost)  
  43  4:40  Probe (Chrono Boost)  
  44  4:47  Probe (Chrono Boost)  
  44  4:49  Probe (Chrono Boost)  
  44  4:51  Pylon  
  46  5:10  Adept x4  
  46  5:12  Probe (Chrono Boost)  
  46  5:13  Probe (Chrono Boost)  
  56  5:17  Assimilator  
  56  5:19  Assimilator  
  59  5:22  Probe (Chrono Boost)  
  59  5:23  Mothership Core (Chrono Boost)  
  59  5:32  Stalker x2  
  59  5:33  Stalker  
  65  5:36  Probe (Chrono Boost)  
  67  5:44  Probe (Chrono Boost)  
  67  5:45  Probe (Chrono Boost)  
  68  6:00  Pylon  
  68  6:19  Probe (Chrono Boost)  
  68  6:20  Pylon, Void Ray (Chrono Boost)  
  68  6:24  Probe (Chrono Boost)  
  74  6:31  Probe (Chrono Boost)  
  75  6:38  Nexus  
  75  6:48  Void Ray (Chrono Boost)  
  75  6:53  Probe  
  80  6:55  Void Ray (Chrono Boost)  
  84  7:25  Pylon  
  84  7:28  Pylon  
  84  7:29  Pylon  
  84  7:33  Pylon  
  84  7:36  Pylon  
  84  7:41  Probe  
  84  7:42  Void Ray  
  84  7:43  Probe  
  89  7:46  Adept x2, Void Ray  
  89  7:47  Adept  
  99  8:03  Nexus  
  99  8:15  Forge  
  99  8:22  Fleet Beacon  
  99  8:28  Probe x2  
  101  8:42  Robotics Facility  
Show
View Real Time Build Order
Export as new Build Order

Javert Zerg 

Build Orders: Hatch First 

Get SALT Encoding   

  12  0:03  Drone  
  13  0:14  Overlord  
  13  0:25  Drone  
  14  0:32  Drone  
  15  0:36  Drone  
  16  0:54  Hatchery  
  15  0:58  Drone  
  16  1:04  Drone  
  16  1:08  Extractor  
  16  1:12  Drone  
  17  1:29  Drone  
  18  1:36  Drone, Spawning Pool  
  18  1:41  Drone  
  19  1:51  Overlord  
  19  2:08  Drone  
  20  2:10  Drone  
  20  2:23  Metabolic Boost, Queen  
  20  2:24  Queen  
  20  2:26  Zergling x4  
  26  2:33  Drone x2  
  28  2:41  Drone x2  
  30  2:47  Drone  
  30  2:58  Zergling x4  
  29  3:12  Zergling x6  
  28  3:23  Drone x2  
  28  3:33  Drone x2  
  30  3:41  Drone x5  
  34  3:42  Hatchery  
  34  3:46  Drone  
  34  3:53  Overlord  
  34  4:01  Drone  
  35  4:13  Drone x5  
  35  4:14  Drone x3  
  39  4:20  Queen  
  41  4:27  Overlord  
  41  4:37  Roach Warren  
  41  4:38  Zergling x8  
  44  4:43  Extractor  
  44  4:44  Overlord  
  44  4:45  Extractor  
  42  4:48  Queen  
  42  5:02  Drone x5  
  42  5:03  Drone x2  
  42  5:09  Drone x2  
  43  5:23  Drone x4  
  43  5:24  Drone  
  47  5:34  Roach x2  
  47  5:35  Roach  
  51  5:40  Drone x2  
  51  5:41  Drone  
  54  5:50  Drone x3  
  54  5:51  Drone x3  
  60  6:00  Roach x2  
  64  6:09  Drone  
  65  6:13  Lair  
  65  6:17  Overlord  
  65  6:29  Overlord x2  
  65  6:30  Overlord  
  65  6:31  Extractor  
  64  6:35  Extractor  
  64  6:38  Overlord  
  64  6:39  Overlord  
  63  6:51  Roach x10  
  77  7:06  Zergling x12  
  77  7:07  Zergling x8  
  87  7:13  Ravager  
  87  7:14  Ravager x5  
  93  7:18  Overlord  
  93  7:21  Drone x3  
  96  7:30  Overlord x2  
  96  7:43  Roach x3  
  96  7:44  Roach  
  100  7:55  Overlord x2  
  96  7:59  Drone x3  
  96  8:01  Evolution Chamber x2  
  97  8:06  Roach x3  
  97  8:07  Roach  
  102  8:14  Drone x3, Extractor  
  104  8:20  Queen  
  106  8:33  Hydralisk Den  
  105  8:34  Drone x2  
  105  8:39  Overseer  
  107  8:43  Drone x4  
  107  8:44  Drone  
  112  8:49  Overseer  
Tags
 
Add a new tag
Caveats
  • Supply blocks, unpowered buildings, or Contaminate may cause inaccurate times.
  • Supply counts are checked every 10 seconds.